 Dungeon Crawl Stone Soup version 0.29.0-5-ge4962eb29e (webtiles) character file.

Game seed: 231173639165869767

587 Gorgormcgor the Conjurer (level 7, 0/34 (38) HPs)
             Began as a Deep Elf Conjurer on Aug 30, 2022.
             Slain by Edmund
             ... wielding a +1 flail of draining
              (8 damage)
             ... on level 5 of the Dungeon.
             The game lasted 00:17:11 (3032 turns).

Gorgormcgor the Conjurer (Deep Elf Conjurer)        Turns: 3032, Time: 00:17:11

HP:   0/34 (38)     AC:  3    Str:  4    XL:     7   Next: 15%
MP:   2/17          EV: 13    Int: 25    God:
Gold: 94            SH:  0    Dex: 13    Spells: 7/17 levels left

rFire   . . .      SeeInvis .   n - +1 dagger (elec)
rCold   . . .      Faith    .   (no shield)
rNeg    . . .      Spirit   .   a - +0 robe
rPois   .          Reflect  .   (no helmet)
rElec   .          Harm     .   (no cloak)
rCorr   .          Rampage  .   h - +0 pair of gloves
Will    .....                   (no boots)
Stlth   ++........              (no amulet)
HPRegen 0.11/turn               c - ring of wizardry
MPRegen 0.15/turn               (no ring)

@: heavily drained
A: no striking features
a: no special abilities


You were on level 5 of the Dungeon.
You visited 1 branch of the dungeon, and saw 4 of its levels.

You collected 94 gold pieces.

Inventory:

Hand Weapons
 n - a +1 dagger of electrocution (weapon)
Armour
 a - a +0 robe (worn)
 f - a +0 leather armour
 h - a +0 pair of gloves (worn)
Magical Staves
 q - a staff of conjuration
Jewellery
 c - a ring of wizardry (left hand)
Scrolls
 d - a scroll of amnesia
Potions
 b - a potion of magic
 e - 2 potions of heal wounds {unknown}
 g - a potion of attraction {unknown}
 i - a potion of ambrosia {unknown}
 k - a potion of curing {unknown}
 l - a potion of lignification {unknown}


   Skills:
 + Level 1.0 Fighting
 + Level 2.2 Armour
 + Level 4.2 Dodging
 - Level 2.7 Stealth
 * Level 5.5 Spellcasting
 + Level 6.4 Conjurations
 + Level 1.8 Hexes
 + Level 1.4 Evocations


You had 7 spell levels left.
You knew the following spells:

 Your Spells              Type           Power      Damage    Failure   Level
a - Magic Dart            Conj           100%       1d8       1%          1
b - Searing Ray           Conj           78%        2d7       1%          2
c - Dazzling Flash        Conj/Hex       54%        N/A       1%          3
d - Fulminant Prism       Conj/Hex       13%        3d9       6%          4

Your spell library contained the following spells:

 Spells                   Type           Power      Damage    Failure   Level
 Iskenderun's Mystic Bla  Conj/Tloc      22%        2d6       9%          4


Dungeon Overview and Level Annotations

Branches:
Dungeon (5/15)
 Temple: D:4-7

Altars:
Xom

Annotations:
D:4 1 exclusion, Pikel
D:5 Edmund, Sigmund


Message History

The searing ray hits the adder.
You kill the adder!
Edmund misses you.
The searing ray hits Edmund but does no damage.
Edmund is moderately wounded.
Edmund hits you with a +1 flail of draining.
You feel drained.
Casting: Searing Ray (safe; 1% risk of failure)
Confirm with . or Enter, or press ? or * to list all spells.
Restarting spell: Searing Ray (safe; 1% risk of failure)
Press: ? - help, Shift-Dir - straight line, f - Edmund
Aim: Edmund, wielding a +1 flail of draining and wearing a +0 chain mail (moderately wounded, 86% to hit)
The searing ray hits Edmund.
Edmund is moderately wounded. (Press . to maintain the ray.) Edmund misses you.
The searing ray hits Edmund!
Edmund is heavily wounded.
Edmund drinks a potion.
Edmund seems to grow stronger.
The searing ray hits Edmund!
Edmund is severely wounded.
Edmund closely misses you.
Casting: Searing Ray (safe; 1% risk of failure)
Confirm with . or Enter, or press ? or * to list all spells.
Restarting spell: Searing Ray (safe; 1% risk of failure)
Press: ? - help, Shift-Dir - straight line, f/p - Edmund
Aim: Edmund, wielding a +1 flail of draining and wearing a +0 chain mail (severely wounded, strong, 86% to hit)
The searing ray misses Edmund. (Press . to maintain the ray.) Edmund hits you with a +1 flail of draining!
You feel drained.
The searing ray hits Edmund!
Edmund is almost dead.
Edmund hits you with a +1 flail of draining!
You feel drained.
* * * LOW HITPOINT WARNING * * *
The searing ray hits Edmund.
Edmund is almost dead.
Edmund hits you with a +1 flail of draining!
You die...

...#..)## #.......# #..
...S>..####.#####.# ####.#
...........# #.###.....
@....####.# #......... #S..
#.# #.# #.##.# #..# #.#####.#
#.##.# #..# #.......###....#
#..#######...........###
#.....@@...#.....###)#
.......############.#.....###
####### #..........
###########


You could see Edmund (strong).

Vanquished Creatures
  A water moccasin (D:5)
  A black bear (D:5)
  An ogre (D:5)
  Blork the orc (D:5)
  A hound (D:5)
  3 orc wizards
  7 adders
  A white imp (D:5)
  A worm (D:2)
  3 dart slugs
  6 orcs
  3 ball pythons (D:1)
  2 bats (D:1)
  3 endoplasms
  4 hobgoblins (D:2)
  4 jackals (D:2)
  4 kobolds
  4 quokkas
  A frilled lizard (D:2)
  7 rats
58 creatures vanquished.

Notes
Turn   | Place    | Note
-------+----------+-------------------------------------------
     0 | D:1      | Gorgormcgor the Deep Elf Conjurer began the quest for the
                  | Orb.
     0 | D:1      | Reached XP level 1. HP: 10/10 MP: 6/6
   249 | D:1      | Reached XP level 2. HP: 15/15 MP: 6/8
   252 | D:1      | Learned a level 2 spell: Searing Ray
   678 | D:2      | Reached skill level 5 in Conjurations
   872 | D:2      | Reached XP level 3. HP: 19/19 MP: 3/9
  1745 | D:2      | You fall into a shaft and drop 2 floors!
  1783 | D:4      | Noticed Pikel
  1783 | D:4      | Noticed a lemure
  1803 | D:4      | Reached XP level 4. HP: 24/24 MP: 4/11
  1807 | D:4      | Reached skill level 1 in Armour
  1837 | D:5      | Entered Level 5 of the Dungeon
  2012 | D:5      | Noticed an ogre
  2017 | D:5      | Reached XP level 5. HP: 28/28 MP: 8/13
  2022 | D:5      | Killed an ogre
  2023 | D:5      | Reached skill level 6 in Conjurations
  2212 | D:5      | Found a shimmering altar of Xom.
  2226 | D:5      | Learned a level 3 spell: Dazzling Flash
  2433 | D:5      | Reached XP level 6. HP: 25/32 MP: 5/14
  2539 | D:5      | Noticed a water moccasin
  2547 | D:5      | Killed a water moccasin
  2548 | D:5      | Reached skill level 5 in Spellcasting
  2548 | D:5      | Reached skill level 1 in Hexes
  2562 | D:5      | Reached skill level 1 in Evocations
  2757 | D:5      | Noticed Blork the orc
  2765 | D:5      | Killed Blork the orc
  2774 | D:5      | Reached skill level 1 in Fighting
  2774 | D:5      | Reached XP level 7. HP: 20/38 MP: 0/17
  2976 | D:5      | Learned a level 4 spell: Fulminant Prism
  2988 | D:5      | Noticed Sigmund
  3012 | D:5      | Noticed Edmund
  3032 | D:5      | Slain by Edmund

Illustrated notes

Levels and vault maps discovered:
D:1:      lightli_arrival_chessboard, layout_rooms
D:2:      layout_loops_ring, nicolae_hexahallways, kennysheep_decorative_pillar,
          minmay_misc_feat_tiny, roderic_serpentine_path, grunt_decor_one_mirror
D:4:      layout_rooms, amcnicky_altar_gilded, uniq_pikel
D:5:      layout_loops_ring, lemuel_round_altar, uniq_edmund,
          uniq_blork_the_orc, uniq_sigmund

Skill      XL: |  1  2  3  4  5  6 |
---------------+-------------------+-----
Conjurations   | 5 6 |  6.4
Dodging        | 3 4 |  4.2
Armour         | 1 2 |  2.2
Spellcasting   | 4 5 |  5.5
Hexes          | 1 |  1.8
Evocations     | 1 |  1.4
Fighting       | 1 |  1.0
Stealth        | |  2.7

Action                   |  1- 3 |  4- 6 |  7- 9 || total
-------------------------+-------+-------+-------++-------
Melee: Dagger            |       |     5 |       ||     5
 Cast: Magic Dart        |    67 |    30 |     2 ||    99
       Searing Ray       |     3 |    14 |     4 ||    21
  Use: Scroll            |       |     2 |     5 ||     7
Armor: Robe              |     1 |     6 |     1 ||     8
Dodge: Dodged            |     1 |    21 |     3 ||    25
